 Dungeon Crawl Stone Soup version 0.18.1-6-gd335043 (webtiles) character file.

862 Helmschank the Cudgeler (level 8, 0/49 HPs)
             Began as a Gargoyle Gladiator on May 20, 2016.
             Killed by nerve-wracking pain
             ... invoked by an orc priest
              (9 damage)
             ... on level 4 of the Dungeon on May 21, 2016.
             The game lasted 00:15:56 (3508 turns).

Helmschank the Cudgeler (Gargoyle Gladiator)        Turns: 3508, Time: 00:15:57

Health: 0/49       AC: 12    Str: 20    XL:     8   Next: 2%
Magic:  8/8        EV:  4    Int:  8    God:
Gold:   262        SH:  9    Dex: 12    Spells: 0 memorised, 7 levels left

rFire  . . .     SeeInvis .     a - +0 flail
rCold  . . .     Gourm    .     F - +0 ring mail
rNeg   + . .     Faith    .     q - +0 shield
rPois  ∞         Spirit   .     c - +0 helmet
rElec  +         Dismiss  .     r - +0 cloak
rCorr  .         Reflect  .     (no gloves)
SustAt .         Harm     .     (no boots)
MR     .....                    (no amulet)
Stlth  +.........               (no ring)
                                (no ring)

@: not resistant to hostile enchantments, very unstealthy
A: negative energy resistance 1, electricity resistance, unbreathing,
petrification resistance, rot immunity, AC +5
a: no special abilities


You were on level 4 of the Dungeon.
You were not hungry.

You visited 1 branch of the dungeon, and saw 4 of its levels.

You collected 262 gold pieces.

Inventory:

Hand Weapons
 a - a +0 flail (weapon)
Missiles
 d - 21 poisoned needles
 l - 99 stones (quivered)
 Z - a throwing net
Armour
 b - a +0 leather armour
 c - a +0 helmet (worn)
 q - a +0 shield (worn)
 r - a +0 cloak (worn)
 F - a +0 ring mail (worn)
Jewellery
 t - an uncursed amulet of rage {unknown}
Wands
 s - a wand of enslavement (10/24)
 D - a wand of digging (12/24)
Scrolls
 e - 3 scrolls of magic mapping {unknown}
 h - 2 scrolls of teleportation {unknown}
 i - 4 scrolls of identify {unknown}
 j - a scroll of enchant armour {unknown}
 m - 2 scrolls of amnesia {unknown}
 o - a scroll of blinking {unknown}
 w - 2 scrolls of recharging {unknown}
 x - a scroll of fog {unknown}
 y - a scroll of enchant weapon {unknown}
 G - 4 scrolls of noise {unknown}
Potions
 k - 2 potions of agility
 n - 3 potions of mutation {unknown}
 u - a potion of invisibility {unknown}
 v - a potion of might {unknown}
 z - a potion of lignification {unknown}
 A - a potion of magic
 B - 2 potions of curing {unknown}
 C - a potion of flight {unknown}
 E - a potion of cure mutation {unknown}
Comestibles
 f - 5 bread rations
 g - 2 meat rations
 p - 4 chunks of flesh


   Skills:
 + Level 5.2 Fighting
 * Level 7.0 Maces & Flails
 - Level 1.8 Throwing
 + Level 0.9 Armour
 - Level 2.4 Dodging
 - Level 4.0 Shields


You had 7 spell levels left.
You didn't know any spells.

Dungeon Overview and Level Annotations

Branches:
Dungeon (4/15)
 Temple: D:4-7

Altars:
Ashenzari


Innate Abilities, Weirdness & Mutations

You are resistant to torment.
Your stone body is resilient (AC +5).
You are immune to poison.
You resist negative energy.
You are resistant to electric shocks.
You can survive without breathing.
You are immune to petrification.
You are immune to rotting.


Message History

Press: ? - help, Shift-Dir - straight line, f - orc priest
Aim: an orc priest, wielding a club and wearing a ring mail You throw a stone.
The stone barely misses the orc priest.
The orc priest invokes the aid of Beogh against you.
Pain shoots through your body!
You take 12 damage, and have 37/49 hp.
MASSIVE DAMAGE!!
Throwing (i - inventory. (,) - cycle):
l - 100 stones (quivered)
Press: ? - help, Shift-Dir - straight line, f/p - orc priest
Aim: an orc priest, wielding a club and wearing a ring mail You throw a stone.
The stone hits the orc priest.
The orc priest is moderately wounded.
The orc priest mumbles some strange prayers to Beogh against you.
Beogh smites you!
You take 15 damage, and have 22/49 hp.
MASSIVE DAMAGE!!
The orc priest invokes the aid of Beogh against you.
Beogh smites you!
* * * LOW HITPOINT WARNING * * *
The orc priest calls down the wrath of Beogh upon you.
Pain shoots through your body!
You die...

#..## #. #... ##.#
####### ###...
##....####.....####.....
#....<...........)......
..#...####.(.##########.
##. ##(.## #. #
###....## ####.
#@o.o.((######....
#######.(##.......
##.....##.>. ##.†o###..#
#...÷....# #..#####..#
#.## ##.# #. #.# #. ##.


You could see 2 orc priests.

Vanquished Creatures
  Grinder (D:3)
  Sigmund (D:3)
  An ogre (D:4)
  2 giant frog skeletons (D:4)
  An orc priest (D:3)
  An orc wizard (D:3)
  Ijyb (D:3)
  A worker ant (D:4)
  Natasha (thrice) (D:2)
  2 hound skeletons (D:4)
  7 adders
  2 oozes
  An adder skeleton (D:4)
  3 worms (D:2)
  3 dart slugs
  2 giant geckos
  8 orcs
  4 ball pythons
  7 giant cockroaches
  8 goblins
  11 hobgoblins
  11 bats
  5 giant newts
  2 kobolds
  4 rats
92 creatures vanquished.

Notes
Turn   | Place    | Note
--------------------------------------------------------------
     0 | D:1      | Helmschank the Gargoyle Gladiator began the quest for the Orb.
     0 | D:1      | Reached XP level 1. HP: 12/12 MP: 1/1
    81 | D:1      | Reached XP level 2. HP: 18/18 MP: 2/2
   634 | D:2      | Reached XP level 3. HP: 22/22 MP: 3/3
   940 | D:2      | Noticed Natasha
   969 | D:2      | Killed Natasha
   969 | D:2      | Reached skill level 4 in Maces & Flails
   969 | D:2      | Reached XP level 4. HP: 12/28 MP: 4/4
  1184 | D:2      | Reached skill level 1 in Shields
  1330 | D:2      | Noticed Natasha
  1333 | D:2      | Killed Natasha
  1333 | D:2      | Reached XP level 5. HP: 27/32 MP: 5/5
  1553 | D:2      | Noticed Natasha
  1568 | D:2      | Killed Natasha
  1812 | D:2      | Found a shattered altar of Ashenzari.
  2104 | D:3      | Noticed Ijyb
  2121 | D:3      | Killed Ijyb
  2121 | D:3      | Reached skill level 5 in Maces & Flails
  2170 | D:3      | Reached XP level 6. HP: 38/38 MP: 6/6
  2181 | D:3      | Noticed Grinder
  2194 | D:3      | Paralysed by Grinder for 7 turns
  2240 | D:3      | Paralysed by Grinder for 3 turns
  2251 | D:3      | Paralysed by Grinder for 2 turns
  2271 | D:3      | Paralysed by Grinder for 6 turns
  2295 | D:3      | Paralysed by Grinder for 5 turns
  2305 | D:3      | Killed Grinder
  2453 | D:3      | Noticed Sigmund
  2463 | D:3      | Killed Sigmund
  2463 | D:3      | Reached skill level 6 in Maces & Flails
  2463 | D:3      | Reached XP level 7. HP: 36/44 MP: 7/7
  2709 | D:4      | Reached skill level 5 in Fighting
  3400 | D:3      | Reached skill level 7 in Maces & Flails
  3400 | D:3      | Reached XP level 8. HP: 32/49 MP: 8/8
  3508 | D:4      | Killed from afar by an orc priest

Skill      XL: |  1  2  3  4  5  6  7 |
---------------+----------------------+-----
Fighting       | 3 4 5 |  5.2
Maces & Flails | 4 5 6 7 |  7.0
Shields        | 1 2 3 4 |  4.0
Throwing       | |  1.8
Armour         | |  0.9
Dodging        | |  2.4

Action                   |  1- 3 |  4- 6 |  7- 9 || total
-------------------------+-------+-------+-------++-------
Melee: Flail             |   102 |   158 |   106 ||   366
Throw: Throwing net      |     2 |     7 |       ||     9
       Stone             |       |     3 |    20 ||    23
  Use: Potion            |       |     3 |       ||     3
       Scroll            |       |     1 |       ||     1
  Eat: Chunk             |       |     5 |     4 ||     9
Armor: Leather armour    |    29 |    63 |    22 ||   114
       Ring mail         |       |       |    18 ||    18
Dodge: Dodged            |    62 |    72 |    29 ||   163
Block: Shield            |    15 |    73 |    46 ||   134
